[Event "UKR-ch Semifinal 2018"]
[Site "Omelnyk"]
[Date "2018.10.28"]
[Round "3.5"]
[White "Basko, Bogdan"]
[Black "Neverov, Valeriy"]
[Result "0-1"]
[WhiteElo "2199"]
[BlackElo "2488"]
[Annotator "RC"]
[PlyCount "68"]
[EventDate "2018.11.26"]
[EventType "tourn"]
[EventCountry "UKR"]
[TimeControl "40/5400+30:1800+30"]
[WhiteClock "0:02:04"]
[BlackClock "0:00:57"]

1. d4 Nf6 2. c4 g6 3. Nc3 Bg7 4. e4 d6 5. f4 c5 6. d5 e6 7. Nf3 exd5 8. cxd5 O-O 9. Be2 Bg4 10. O-O Nbd7 11. h3 Bxf3 12. Bxf3 a6 13. a4 Rb8 14. Be3 Ne8 15. Qd3 Nc7 16. a5 b5 17. axb6 Rxb6 18. Ra2 Qb8 19. Bg4 Rd8 20. e5 dxe5 21. Bxd7 Rxd7 22. Bxc5 Rb3 23. Qc4 exf4 24. d6 Ne6 25. Rxa6 Rxb2 26. Nd5 Rd2 27. Ba3 Qb7 28. Rc6 h6 29. Ne7+ Kh7 30. Kh1 Nd8 31. Bc1 Rd4 32. Qa6 Nxc6 33. Qxc6 Qxc6 34. Nxc6 R4xd6 0-1

[Event "UKR-ch Semifinal 2018"]
[Site "Omelnyk"]
[Date "2018.10.28"]
[Round "3.8"]
[White "Frolov, Artur"]
[Black "Lisnyak, Vladislav"]
[Result "1/2-1/2"]
[WhiteElo "2425"]
[BlackElo "2263"]
[Annotator "RC"]
[PlyCount "64"]
[EventDate "2018.11.26"]
[EventType "tourn"]
[EventCountry "UKR"]
[TimeControl "40/5400+30:1800+30"]
[WhiteClock "0:05:04"]
[BlackClock "0:10:26"]

1. c4 e6 2. d4 Nf6 3. Nf3 d5 4. Nc3 Be7 5. Bg5 Nbd7 6. e3 O-O 7. Rc1 c6 8. cxd5 exd5 9. Bd3 Re8 10. O-O Nf8 11. Ne5 N6d7 12. Bxe7 Qxe7 13. Nxd7 Bxd7 14. a3 Qg5 15. b4 Bg4 16. Be2 f5 17. g3 Ng6 18. Bxg4 fxg4 19. b5 Re6 20. bxc6 bxc6 21. Ne2 Rf8 22. Rc3 Nh4 23. gxh4 Qxh4 24. e4 Rh6 25. h3 Rf3 26. Qb3 Qxh3 27. Qb8+ Kf7 28. Qxa7+ Ke8 29. Qb8+ Kd7 30. Qb7+ Kd8 31. Qb6+ Kd7 32. Qb7+ Kd8 1/2-1/2